 Dungeon Crawl Stone Soup version 0.27.1-2-g3b301248ec (webtiles) character file.

Game seed: 9989128490942193974

2170 0gre the Destroyer (level 9, -12/65 HPs)
             Began as a Gnoll Conjurer on Oct 1, 2021.
             Was an Initiate of Qazlal.
             Mangled by an ogre (19 damage)
             ... on level 6 of the Dungeon.
             The game lasted 00:28:58 (5312 turns).

0gre the Destroyer (Gnoll Conjurer)                 Turns: 5312, Time: 00:28:59

Health: -12/65     AC:  4    Str:  7    XL:     9   Next: 32%
Magic:  15/18      EV: 19    Int: 23    God:    Qazlal [......]
Gold:   74         SH:  0    Dex: 18    Spells: 15/21 levels left

rFire    . . .     SeeInvis .   a - +7 dire flail of Might {vorpal, Int+4}
rCold    . . .     Faith    .   (shield currently unavailable)
rNeg     . . .     Spirit   .   g - +0 robe
rPois    .         Reflect  .   j - +0 helmet
rElec    .         Harm     .   (no cloak)
rCorr    .         Rampage  .   (no gloves)
Will     .....                  m - +0 pair of boots
Stlth    +++.......             h - amulet of magic regeneration
HPRegen  0.20/turn              k - +4 ring of evasion
MPRegen  0.41/turn              p - +6 ring of dexterity

@: no status effects
A: fangs 1, strong nose, distributed training
a: Renounce Religion


You were on level 6 of the Dungeon.
You worshipped Qazlal.
Qazlal was noncommittal.
You visited 1 branch of the dungeon, and saw 6 of its levels.

You collected 176 gold pieces.
You spent 102 gold pieces at shops.

Inventory:

Hand Weapons
 a - the +7 dire flail of Might (weapon) {vorpal, Int+4}
   (You took it off an ogre on level 3 of the Dungeon)

   It inflicts extra damage upon your enemies.
   Int:       It affects your intelligence (+4).
 b - a +0 hand crossbow
Missiles
 f - 136 stones
 o - 4 silver boomerangs (quivered)
 x - 12 bolts
 y - 3 boomerangs
 A - 19 arrows
Armour
 g - a +0 robe (worn)
 j - a +0 helmet (worn)
 m - a +0 pair of boots (worn)
Jewellery
 h - an amulet of magic regeneration (around neck)
 k - a +4 ring of evasion (left hand)
 p - a +6 ring of dexterity (right hand)
 w - a ring of protection from fire
Wands
 t - a wand of flame (14)
Scrolls
 c - 2 scrolls of enchant armour
 d - 2 scrolls of enchant weapon
 i - 5 scrolls of teleportation
 l - a scroll of summoning
 u - a scroll of magic mapping
 v - a scroll of immolation
Potions
 e - 2 potions of curing
 n - a potion of heal wounds
 q - 2 potions of mutation
 r - a potion of flight
 z - a potion of invisibility
Miscellaneous
 s - a tin of tremorstones (2/2)


   Skills:
 + Level 4.1 Fighting
 + Level 4.1 Short Blades
 + Level 4.1 Long Blades
 + Level 4.1 Axes
 + Level 4.1 Maces & Flails
 + Level 4.1 Polearms
 + Level 4.1 Staves
 + Level 4.1 Slings
 + Level 4.1 Bows
 + Level 4.1 Crossbows
 + Level 4.1 Throwing
 + Level 4.1 Armour
 + Level 6.2 Dodging
 + Level 6.0 Stealth
 + Level 4.1 Shields
 + Level 4.1 Unarmed Combat
 + Level 6.5 Spellcasting
 + Level 8.0 Conjurations
 + Level 3.4 Hexes
 + Level 3.4 Summonings
 + Level 3.4 Necromancy
 + Level 3.4 Translocations
 + Level 3.4 Transmutations
 + Level 3.4 Fire Magic
 + Level 3.4 Ice Magic
 + Level 3.4 Air Magic
 + Level 3.4 Earth Magic
 + Level 3.4 Poison Magic
 + Level 4.5 Invocations
 + Level 4.1 Evocations


You had 15 spell levels left.
You knew the following spells:

 Your Spells              Type           Power      Damage    Failure   Level
a - Magic Dart            Conj           100%       1d8       1%          1
b - Dazzling Flash        Conj/Hex       66%        N/A       2%          3
q - Searing Ray           Conj           88%        3d6       1%          2

Your spell library contained the following spells:

 Spells                   Type           Power      Damage    Failure   Level
 Fulminant Prism          Conj/Hex       16%        3d11      8%          4
 Iskenderun's Mystic Bla  Conj/Tloc      33%        2d8       8%          4


Dungeon Overview and Level Annotations

Branches:
Dungeon (6/15)
 Temple: D:4-7

Altars:
Cheibriados
Elyvilon
Qazlal
Ru
Zin

Shops:
D:1 **(!=   D:4 :


Innate Abilities, Weirdness & Mutations

You have very sharp teeth.
Your uncanny sense of smell can sniff out nearby items.
Your experience applies equally to all skills.


Message History

The wight hits you from afar with a +0 spear.
An ogre comes into view. It is wielding a +0 giant spiked club.
The ogre shouts!
Casting: Searing Ray (safe; 1% risk of failure)
Confirm with . or Enter, or press ? or * to list all spells.
Aiming: Searing Ray (safe; 1% risk of failure)
Press: ? - help, Shift-Dir - straight line, f - wight
Aim: a wight, wielding a +0 spear and wearing a +0 robe (82% to hit)
The searing ray hits the wight!
The wight is severely damaged.
The searing ray hits something!
The searing ray hits the wight.
The wight is heavily damaged. (Press . to maintain the ray.)
The wight closely misses you.
The searing ray hits the wight.
You destroy the wight!
Qazlal accepts your kill.
The searing ray hits the wight.
The wight is severely damaged.
The wight closely misses you.
Your life force feels restored.
The searing ray hits something.
The searing ray hits the wight!
You destroy the wight!
Qazlal accepts your kill. Something hits you. Something bites you!
Something draws strength from your injuries!
Your Stealth skill increases to level 6!
Your Conjurations skill increases to level 8!
You finish channeling your searing ray.
A wight comes into view. It is wielding a +0 morningstar.
Something hits you!
* * * LOW HITPOINT WARNING * * *
Something closely misses you.
You feel much better. Something hits you! Something bites you!
* * * LOW HITPOINT WARNING * * *
Something draws strength from your injuries!
The ogre hits you with a +0 giant spiked club!
* * * LOW HITPOINT WARNING * * *
The ogre hits you with a +0 giant spiked club!!
You die...

......#.........#
................###
..z.............#...
........#.z.(.......
........##......####
........##)(.....#
.........)z......#
.......O.#.......#
.......@.#.......#
........##.......#
........###......#
........# #......#
........###......#
#........#.......#
#.......##.......#
..########.......#
#...###..#


You could see an ogre and 2 wights.

Vanquished Creatures
  A two-headed ogre (D:5)
  The ghost of BigDaddyOpFi the Sneak, an amateur OpFi (D:3)
  Sigmund (D:2)
  A hornet zombie (D:6)
  A necrophage (D:6)
  5 ogres
  A centaur (D:6)
  2 scorpions
  2 wights (D:6)
  A bullfrog zombie (D:5)
  2 orc priests (D:5)
  A centaur skeleton (D:5)
  An orc wizard (D:3)
  Natasha (twice) (D:2)
  A hound skeleton (D:5)
  A gnoll (D:2)
  4 adders
  An adder skeleton (D:4)
  2 worms (D:2)
  3 dart slugs
  7 orcs
  4 bats
  4 endoplasms
  3 giant cockroaches
  5 goblins
  4 hobgoblins
  6 jackals (D:2)
  8 kobolds
  2 quokkas
  12 ball pythons
  3 frilled lizards
  3 rats
95 creatures vanquished.

Vanquished Creatures (others)
  8 plants (D:3)
8 creatures vanquished.

Grand Total: 103 creatures vanquished

Notes
Turn   | Place    | Note
-------+----------+-------------------------------------------
     0 | D:1      | 0gre the Gnoll Conjurer began the quest for the Orb.
     0 | D:1      | Reached XP level 1. HP: 13/13 MP: 6/6
   171 | D:1      | Found Haulitije's Assorted Antiques.
   192 | D:1      | Found Eruisaoj's Assorted Antiques.
   274 | D:1      | Found Muiw's Weapon Boutique.
   276 | D:1      | Reached XP level 2. HP: 19/19 MP: 5/7
   576 | D:1      | Found Xuibuq's Jewellery Boutique.
   576 | D:1      | Found Jueza's Distillery.
   583 | D:1      | Bought a potion of degeneration for 14 gold pieces
   971 | D:2      | Reached XP level 3. HP: 25/25 MP: 9/9
   974 | D:2      | Learned a level 2 spell: Searing Ray
  1008 | D:2      | Reached skill level 5 in Spellcasting
  1020 | D:2      | Noticed Sigmund
  1032 | D:2      | Killed Sigmund
  1033 | D:2      | Reached skill level 1 in Fighting
  1033 | D:2      | Reached skill level 1 in Short Blades
  1033 | D:2      | Reached skill level 1 in Long Blades
  1033 | D:2      | Reached skill level 1 in Axes
  1033 | D:2      | Reached skill level 1 in Maces & Flails
  1033 | D:2      | Reached skill level 1 in Polearms
  1033 | D:2      | Reached skill level 1 in Staves
  1033 | D:2      | Reached skill level 1 in Slings
  1033 | D:2      | Reached skill level 1 in Bows
  1033 | D:2      | Reached skill level 1 in Crossbows
  1033 | D:2      | Reached skill level 1 in Throwing
  1033 | D:2      | Reached skill level 1 in Armour
  1033 | D:2      | Reached skill level 1 in Shields
  1033 | D:2      | Reached skill level 1 in Unarmed Combat
  1033 | D:2      | Reached skill level 1 in Hexes
  1033 | D:2      | Reached skill level 1 in Summonings
  1033 | D:2      | Reached skill level 1 in Necromancy
  1033 | D:2      | Reached skill level 1 in Translocations
  1033 | D:2      | Reached skill level 1 in Transmutations
  1033 | D:2      | Reached skill level 1 in Fire Magic
  1033 | D:2      | Reached skill level 1 in Ice Magic
  1033 | D:2      | Reached skill level 1 in Air Magic
  1033 | D:2      | Reached skill level 1 in Earth Magic
  1033 | D:2      | Reached skill level 1 in Poison Magic
  1033 | D:2      | Reached skill level 1 in Invocations
  1033 | D:2      | Reached skill level 1 in Evocations
  1033 | D:2      | Reached XP level 4. HP: 12/32 MP: 6/11
  1033 | D:2      | Reached XP level 5. HP: 14/37 MP: 6/12
  1385 | D:2      | Found a faded altar of an unknown god.
  1397 | D:2      | Got Plato's Almanac of Arcane Weapons
  1512 | D:2      | Reached XP level 6. HP: 44/44 MP: 9/13
  1530 | D:2      | Noticed Natasha
  1537 | D:2      | Killed Natasha
  1630 | D:2      | Noticed Natasha
  1633 | D:2      | Killed Natasha
  1995 | D:3      | Reached skill level 5 in Dodging
  2173 | D:3      | Found a transporter.
  2174 | D:3      | Identified the +7 dire flail of Might {vorpal, Int+4}
  2174 | D:3      | Noticed BigDaddyOpFi's ghost (amateur OpFi)
  2175 | D:3      | Found a transporter.
  2688 | D:3      | Found a white marble altar of Elyvilon.
  2808 | D:3      | Learned a level 3 spell: Dazzling Flash
  2818 | D:3      | Reached XP level 7. HP: 51/51 MP: 6/15
  2830 | D:3      | Killed BigDaddyOpFi's ghost
  2831 | D:3      | Reached skill level 5 in Stealth
  3088 | D:4      | Reached XP level 8. HP: 57/57 MP: 16/16
  3170 | D:1      | Bought a scroll labelled FANLAS KIALARPH for 21 gold pieces
  3170 | D:1      | Bought a scroll labelled YGYXUW HOEDGHEM for 21 gold pieces
  3186 | D:1      | Bought a scroll labelled DUKAET ALARRY for 23 gold pieces
  3186 | D:1      | Bought a scroll labelled IZI UMACROUR for 23 gold pieces
  3234 | D:4      | Found a snail-covered altar of Cheibriados.
  3547 | D:4      | Found Fimylimope's Book Emporium.
  3864 | D:5      | Entered Level 5 of the Dungeon
  3874 | D:5      | Found a stormy altar of Qazlal.
  3880 | D:5      | Became a worshipper of Qazlal Stormbringer
  4014 | D:5      | Noticed a two-headed ogre
  4028 | D:5      | Killed a two-headed ogre
  4367 | D:5      | Found a glowing silver altar of Zin.
  4460 | D:5      | Reached XP level 9. HP: 62/65 MP: 18/18
  4470 | D:5      | Found a sacrificial altar of Ru.
  5310 | D:6      | Reached skill level 8 in Conjurations
  5312 | D:6      | Mangled by an ogre

Illustrated notes

Levels and vault maps discovered:
D:1:      dpeg_arrival_water_fire, layout_basic, serial_shops, shop, shop, shop,
          shop, shop
D:2:      minmay_evil_eye, layout_basic, shapermc_ecumenical_altar_rom_forum,
          serial_bayou_ford_a, cheibrodos_gnoll_hut, uniq_sigmund, uniq_natasha
D:3:      layout_loops_corners, nicolae_elyvilon_temple_path,
          gammafunk_ghost_smash, minmay_shallow_snake_nest
D:4:      layout_loops_cross, kennysheep_slug_shrine, serial_shops,
          kennysheep_mini, minmay_crossroads
D:5:      kennysheep_big_flooded_room, layout_loops_corners, old_standard_altar,
          lemuel_tele_altar, hangedman_ru_absence
D:6:      layout_cave_pools, grunt_temple_overflow_bloody_war,
          lemuel_temple_firewalk_b, ebering_ghost_disaster_area,
          nicolae_shop_clearance, uniq_prince_ribbit1

Skill      XL: |  1  2  3  4  5  6  7  8  9 |
---------------+----------------------------+-----
Spellcasting   | 5 6 |  6.5
Fighting       | 1 2 3 4 |  4.1
Short Blades   | 1 2 3 4 |  4.1
Long Blades    | 1 2 3 4 |  4.1
Axes           | 1 2 3 4 |  4.1
Maces & Flails | 1 2 3 4 |  4.1
Polearms       | 1 2 3 4 |  4.1
Staves         | 1 2 3 4 |  4.1
Slings         | 1 2 3 4 |  4.1
Bows           | 1 2 3 4 |  4.1
Crossbows      | 1 2 3 4 |  4.1
Throwing       | 1 2 3 4 |  4.1
Armour         | 1 2 3 4 |  4.1
Shields        | 1 2 3 4 |  4.1
Unarmed Combat | 1 2 3 4 |  4.1
Hexes          | 1 2 3 |  3.4
Summonings     | 1 2 3 |  3.4
Necromancy     | 1 2 3 |  3.4
Translocations | 1 2 3 |  3.4
Transmutations | 1 2 3 |  3.4
Fire Magic     | 1 2 3 |  3.4
Ice Magic      | 1 2 3 |  3.4
Air Magic      | 1 2 3 |  3.4
Earth Magic    | 1 2 3 |  3.4
Poison Magic   | 1 2 3 |  3.4
Invocations    | 1 2 3 4 |  4.5
Evocations     | 1 2 3 4 |  4.1
Dodging        | 5 6 |  6.2
Stealth        | 5 6 |  6.0
Conjurations   | 8 |  8.0

Action                   |  1- 3 |  4- 6 |  7- 9 || total
-------------------------+-------+-------+-------++-------
Melee: Short sword       |     4 |    10 |       ||    14
       War axe           |       |     9 |       ||     9
       Dire flail        |       |       |    44 ||    44
       Bite              |       |       |     5 ||     5
 Fire: Hand crossbow     |       |       |     4 ||     4
 Cast: Magic Dart        |    25 |    51 |    22 ||    98
       Searing Ray       |     1 |    12 |    10 ||    23
       Dazzling Flash    |       |     1 |       ||     1
  Use: Potion            |       |       |     3 ||     3
       Scroll            |       |       |    10 ||    10
 Stab: Sleeping          |     3 |       |     1 ||     4
Armor: Robe              |       |     6 |     6 ||    12
Dodge: Dodged            |     3 |    27 |    41 ||    71
